 Dungeon Crawl Stone Soup version 0.31-a0-703-gcfe89afef6 (webtiles) character file.

Game seed: 7808203665116068830

163 arthad the Covered (level 5, 0/48 HPs)
             Began as an Armataur Fighter on Sept 9, 2023.
             Slain by a gnoll
             ... wielding a +0 flail
              (6 damage)
             ... on level 3 of the Dungeon.
             The game lasted 00:05:01 (1906 turns).

arthad the Covered (Armataur Fighter)               Turns: 1906, Time: 00:05:02

Health: 0/48       AC:  8    Str: 24    XL:     5   Next: 20%
Magic:  5/5        EV:  7    Int:  8    God:
Gold:   119        SH:  4    Dex:  9    Spells: 4/4 levels left

rFire   . . .        a - +0 flail
rCold   . . .        c - +0 buckler
rNeg    . . .        b - +0 scale mail
rPois   .            (no helmet)
rElec   .            (no cloak)
rCorr   .            u - +0 pair of gloves
SInv    +            (no barding)
Will    .....        (no amulet) Stlth
                     g - ring of flight
HPRegen 0.28/turn    o - ring of see invisible
MPRegen 0.09/turn

%: roll
@: flying
A: large, rugged brown scales 3, deformed body, armoured tail, roll, long
tongue, awkward tongue
a: no special abilities


You were on level 3 of the Dungeon.
You visited 1 branch of the dungeon, and saw 3 of its levels.

You collected 119 gold pieces.

Inventory:

Hand Weapons
 a - a +0 flail (weapon)
 f - a +2 whip of pain
Missiles
 l - 3 poisoned darts (quivered)
Armour
 b - a +0 scale mail (worn)
 c - a +0 buckler (worn)
 u - a +0 pair of gloves (worn)
Jewellery
 g - a ring of flight (left hand)
 o - a ring of see invisible (right hand)
 r - a ring of willpower
Wands
 h - a wand of mindburst (11)
Scrolls
 e - a scroll of amnesia {unknown}
 i - 2 scrolls of fog {unknown}
 p - a scroll of summoning {unknown}
 q - a scroll of blinking {unknown}
 s - 2 scrolls of enchant weapon {unknown}
 t - a scroll of silence {unknown}
Potions
 d - a potion of might
 j - 2 potions of invisibility
 k - a potion of degeneration {unknown}
 m - 2 potions of curing
 n - a potion of attraction {unknown}


   Skills:
 + Level 3.5 Fighting
 + Level 2.9 Maces & Flails
 + Level 4.7 Armour
 + Level 4.3 Shields


You had 4 spell levels left.
You didn't know any spells.
Your spell library contained the following spells:

 Spells                   Type           Power      Damage    Failure   Level
 Blink                    Tloc           0%         N/A       88%         2
 Lesser Beckoning         Tloc           0%         N/A       88%         2
 Momentum Strike          Conj/Tloc      0%         3d8       88%         2


Dungeon Overview and Level Annotations

Branches:
Dungeon (3/15)

Altars:
Ru

Shops:
D:1 =   D:3 =

Annotations:
D:3 1 runed translucent door, Crazy Yiuf


Innate Abilities, Weirdness & Mutations

You are completely covered in rugged brown scales. (AC +3, +7% HP)
Armour fits poorly on your strangely shaped body.
You have a long armoured tail.
You roll when moving toward enemies. (Rampage)
Your long tongue fully drains potion bottles. (2x potion effects)
Your tongue gives you trouble enunciating. (1.5x scroll delay)


Message History

The gnoll hits you from afar with a +0 spear.
The gnoll barely misses you. The gnoll hits you with a +0 flail!
You hit the gnoll.
Your tail-slap misses the gnoll.
The gnoll is severely wounded.
The gnoll hits you from afar with a +0 spear.
* * * LOW HITPOINT WARNING * * *
You block the gnoll's attack. The gnoll hits you but does no damage.
You barely miss the gnoll.
The gnoll is severely wounded.
The gnoll hits you from afar with a +0 spear.
* * * LOW HITPOINT WARNING * * *
The gnoll hits you with a +1 spear of flaming.
* * * LOW HITPOINT WARNING * * *
The gnoll burns you.
* * * LOW HITPOINT WARNING * * *
The gnoll closely misses you. x2; The gnoll hits you but does no damage.
The gnoll hits you with a +1 spear of flaming.
* * * LOW HITPOINT WARNING * * *
The gnoll burns you.
* * * LOW HITPOINT WARNING * * *
You feel better.
You slurp down every last drop of the potion of curing!
The gnoll barely misses you. x3
You closely miss the gnoll.
The gnoll is severely wounded.
The gnoll hits you from afar with a +0 spear.
The gnoll barely misses you. x2
You sock the gnoll!
You kill the gnoll!
You block the gnoll's attack. The gnoll hits you with a +0 flail.
You barely miss the gnoll.
The gnoll hits you from afar with a +0 spear.
The gnoll hits you with a +0 flail. The gnoll hits you with a +0 whip!
You closely miss the gnoll.
Your tail-slap misses the gnoll.
The gnoll closely misses you. The gnoll hits you but does no damage.
The gnoll hits you with a +0 flail!
* * * LOW HITPOINT WARNING * * *
The gnoll closely misses you. The gnoll hits you but does no damage.
The gnoll hits you with a +0 flail.
You die...

...).......#
...........##
............#####
................####
......##.######....#
....##.....#######.#
...#...............##
..#......##.$.#.....#
..#..##..#
#g@†#.....# .#...#
....§§.#g)###..>..
.#...... ..§...#.g#
###.# ........ ..§≈.
#.(' # .#..≈≈.. ..§≈
#..## .#..≈≈.. ..
#..# .##..... ♣ ...#
.. ... ...#


You could see 3 gnolls.

Vanquished Creatures
  An ogre (D:3)
  2 adders (D:2)
  A gnoll (D:3)
  A worm (D:3)
  A dart slug (D:1)
  An orc (D:3)
  2 ball pythons
  2 endoplasms
  2 giant cockroaches
  5 goblins
  6 hobgoblins
  3 jackals (D:3)
  7 kobolds
  5 quokkas
  2 bats
  6 rats
47 creatures vanquished.

Notes
Turn   | Place    | Note
-------+----------+-------------------------------------------
     0 | D:1      | arthad the Armataur Fighter began the quest for the Orb.
     0 | D:1      | Reached XP level 1. HP: 19/19 MP: 1/1
   260 | D:1      | Found Jet Wem's Jewellery Emporium.
   365 | D:1      | Reached XP level 2. HP: 18/26 MP: 2/2
   675 | D:2      | Reached XP level 3. HP: 27/33 MP: 3/3
   849 | D:2      | Found a sacrificial altar of Ru.
  1426 | D:3      | Reached XP level 4. HP: 40/40 MP: 4/4
  1453 | D:3      | Noticed an ogre
  1460 | D:3      | Killed an ogre
  1461 | D:3      | Reached XP level 5. HP: 30/48 MP: 5/5
  1562 | D:3      | Found Mesavot's Jewellery Emporium.
  1831 | D:3      | Found a runed translucent door.
  1832 | D:3      | Noticed Crazy Yiuf
  1861 | D:3      | Found a faded altar of an unknown god.
  1906 | D:3      | Slain by a gnoll

Illustrated notes

Levels and vault maps discovered:
D:1:      co_arrival_random_square_maze, layout_rooms, serial_shops, shop,
          chequers_serial_rivers_large_a
D:2:      layout_loops_cross, basic_altar
D:3:      layout_basic, nicolae_wu_jian_wuxing_cycle, serial_shops,
          nicolae_shop_crystal, shapermc_ecumenical_altar_mp_vishouse,
          minmay_parallelograms, uniq_crazy_yiuf_cottage

Skill      XL: |  1  2  3  4 |
---------------+-------------+-----
Maces & Flails | 2 |  2.9
Fighting       | 3 |  3.5
Armour         | 4 |  4.7
Shields        | 4 |  4.3

Action                     |  1- 3 |  4- 6 || total
---------------------------+-------+-------++-------
  Melee: Flail             |   121 |    23 ||   144
         Tailslap          |     7 |     2 ||     9
  Throw: Dart              |       |     3 ||     3
    Use: Scroll            |       |     2 ||     2
         Potion            |       |     1 ||     1
 Armour: Scale mail        |    94 |    30 ||   124
  Dodge: Dodged            |    46 |    19 ||    65
  Block: Buckler           |    27 |     7 ||    34

Table legend: (Time is in decaauts)
 A = Elapsed time spent in this place.
 B = Non-inter-level travel time spent in this place.
 C = Inter-level travel time spent in this place.
 D = Time resting spent in this place.
 E = Time spent auto-exploring this place.
 F = Levels seen in this place.
 G = Mean time per level.
                   A        B        C        D        E       F      G
               +--------+--------+--------+--------+--------+-----+--------+
         Total |   1951 |   1883 |     68 |     39 |   1491 |   3 |  650.3 |
       Dungeon |   1951 |   1883 |     68 |     39 |   1491 |   3 |  650.3 |
               +--------+--------+--------+--------+--------+-----+--------+

Top non-repeatable levels by time:
     D:2: 678 daAuts
     D:1: 670 daAuts
     D:3: 602 daAuts
